 Dungeon Crawl Stone Soup version 0.19-a0-1896-g611e798 (webtiles) character file.

2342 Jorund the Cleaver (level 9, -4/63 HPs)
             Began as a Demonspawn Fighter on Oct 19, 2016.
             Was a Follower of Okawaru.
             Slain by a warg (8 damage)
             ... on level 8 of the Dungeon.
             The game lasted 00:13:17 (7351 turns).

Jorund the Cleaver (Demonspawn Fighter)             Turns: 7351, Time: 00:13:18

Health: -4/63      AC: 10    Str: 20    XL:     9   Next: 20%
Magic:  9/9        EV: 11    Int: 10    God:    Okawaru [*.....]
Gold:   422        SH:  0    Dex: 12    Spells: 0 memorised, 8 levels left

rFire  . . .     SeeInvis .     a - +0 war axe
rCold  . . .     Gourm    .     b - +0 scale mail
rNeg   + . .     Faith    .     (no shield)
rPois  .         Spirit   .     u - +0 helmet
rElec  .         Reflect  .     (no cloak)
rCorr  .         Harm     .     w - +0 pair of gloves
MR     .....                    (no boots)
Stlth  ++........               (no amulet)
                                A - ring of positive energy
                                h - ring of stealth

@: very slightly contaminated, hasted, very quick
A: hooves 1, repulsion field 1, demonic guardian 1, nightstalker 1
a: Heroism, Renounce Religion


You were on level 8 of the Dungeon.
You worshipped Okawaru.
Okawaru was aware of your devotion.
You were hungry.

You visited 2 branches of the dungeon, and saw 9 of its levels.

You collected 422 gold pieces.

Inventory:

Hand Weapons
 a - a +0 war axe (weapon)
Armour
 b - a +0 scale mail (worn)
 c - a +0 shield
 u - a +0 helmet (worn)
 w - a +0 pair of gloves (worn)
Jewellery
 h - a ring of stealth (left hand)
 A - a ring of positive energy (right hand)
Wands
 x - a wand of random effects (17/48)
 z - a wand of digging (13/24)
Scrolls
 j - 3 scrolls of teleportation
 o - a scroll of magic mapping
 y - 2 scrolls of remove curse
 D - 2 scrolls of amnesia
Potions
 g - a potion of resistance
 l - a potion of ambrosia
 r - a potion of flight
 B - 2 potions of brilliance
Books
 e - a book of Changes

   Spells                             Type                      Level
   a - Beastly Appendage              Transmutation                1
   b - Sticks to Snakes               Transmutation                2
   c - Spider Form                    Transmutation/Poison         3
   d - Ice Form                       Ice/Transmutation            4
   e - Blade Hands                    Transmutation                5
Comestibles
 d - 4 chunks of flesh
 f - 5 bread rations
 m - a royal jelly
 n - 4 beef jerkies
 q - a slice of pizza
 t - 8 meat rations


   Skills:
 - Level 3.0 Fighting
 + Level 9.3 Axes
 + Level 7.1 Armour
 - Level 2.6 Shields
 + Level 0.6 Evocations


You had 8 spell levels left.
You didn't know any spells.

Dungeon Overview and Level Annotations

Branches:
Dungeon (8/15)             Temple (1/1) D:6
   Lair: D:8-11

Altars:
Ashenzari
Cheibriados
Dithmenos
Fedhas
Kikubaaqudgha
Okawaru
Qazlal
Ru
Sif Muna
Vehumet
Xom
Yredelemnul


Innate Abilities, Weirdness & Mutations

You have large cloven feet.
You are surrounded by a mild repulsion field. (EV +2)
A weak demonic guardian rushes to your aid.
You are slightly more attuned to the shadows.


Message History

You hit the warg but do no damage.
Your ufetubus barely misses the warg.
Your ufetubus closely misses the warg.
The warg barely misses you.
The orc wizard points at you and mumbles some strange words.
The magic dart hits you!
* * * LOW HITPOINT WARNING * * *
The bullfrog hits you but does no damage.
Your ufetubus hits the warg but does no damage. x2
The orc misses you.
It was a potion of magic.
Magic courses through your body.
You are feeling hungry.
The orc wizard barely misses you. The warg bites you but does no damage.
The bullfrog hits you!
* * * LOW HITPOINT WARNING * * *
Your ufetubus closely misses the warg.
Your ufetubus hits the warg.
Unknown command.
You slice the bullfrog!! Your kick misses the bullfrog.
The bullfrog is severely wounded.
You barely miss the orc wizard. You hit the orc. You barely miss the warg.
The warg bites you!
You die...

.#.#...#..............
.#.#...[.<.o..........
...#.......#.........##
.###.......##..........
.+.....................
###.##................
... #........oo......
### #...#####hFo.....
#. #...#....5@o.....
#..#...#.....!......
.......#............
.......#............
#..<#............
#................
....#.##+##........
.....#.# ..>....?. #...
#.# ...#....##


You could see a warg, an orc warrior, a bullfrog, an orc wizard, 2 orcs and a
friendly ufetubus.

Vanquished Creatures
  Grinder (D:4)
  An ice beast (D:6)
  2 sky beasts
  An orc warrior (D:7)
  An ogre (D:6)
  A phantom (D:7)
  A bullfrog (D:6)
  A howler monkey (D:7)
  3 hounds
  3 jellies
  2 orc priests (D:7)
  2 orc wizards
  2 bullfrog skeletons (D:6)
  3 iguanas
  4 worker ants
  A hound zombie (D:5)
  8 gnolls
  9 adders
  An ooze (D:6)
  An adder skeleton (D:4)
  2 worms
  3 dart slugs
  4 leopard geckos
  17 orcs
  A ball python (D:1)
  12 bats
  8 giant cockroaches
  5 goblins
  7 hobgoblins
  6 jackals
  4 quokkas
  A frilled lizard (D:3)
  A jackal skeleton (D:4)
  A jackal zombie (D:7)
  2 kobolds
  A quokka skeleton (D:6)
  3 rats
126 creatures vanquished.

Vanquished Creatures (collateral kills)
  Joseph (D:8)
  Maurice (D:8)
  An ice beast (D:5)
  A sky beast (D:7)
  A bullfrog (D:4)
  A scorpion (D:4)
  A crimson imp (D:7)
  A gnoll (D:7)
  An adder (D:4)
  2 orcs (D:7)
11 creatures vanquished.

Grand Total: 137 creatures vanquished

Notes
Turn   | Place    | Note
-------+----------+-------------------------------------------
     0 | D:1      | Jorund the Demonspawn Fighter began the quest for the Orb.
     0 | D:1      | Reached XP level 1. HP: 18/18 MP: 1/1
    52 | D:1      | Reached skill level 2 in Axes
    69 | D:1      | Gained mutation: A weak demonic guardian rushes to your aid. [demonic ancestry]
    69 | D:1      | Reached XP level 2. HP: 24/24 MP: 2/2
   780 | D:2      | Gained mutation: You have large cloven feet. [demonic ancestry]
   780 | D:2      | Reached XP level 3. HP: 29/29 MP: 3/3
  1394 | D:2      | Found a blossoming altar of Fedhas.
  1507 | D:2      | Found a deep blue altar of Sif Muna.
  1576 | D:3      | Reached skill level 3 in Axes
  1576 | D:3      | Reached XP level 4. HP: 24/35 MP: 4/4
  1732 | D:3      | Found a shattered altar of Ashenzari.
  1732 | D:3      | Found a snail-covered altar of Cheibriados.
  2242 | D:4      | Reached XP level 5. HP: 38/41 MP: 5/5
  2279 | D:4      | Reached skill level 4 in Axes
  2432 | D:4      | Noticed Grinder
  2443 | D:4      | Killed Grinder
  2443 | D:4      | Reached skill level 5 in Axes
  2443 | D:4      | Reached XP level 6. HP: 40/47 MP: 6/6
  2471 | D:4      | Noticed a sky beast
  2482 | D:4      | Killed a sky beast
  2482 | D:4      | Gained mutation: You are surrounded by a mild repulsion field. (EV +2) [demonic ancestry]
  2482 | D:4      | Reached XP level 7. HP: 25/52 MP: 7/7
  2806 | D:4      | Found a shadowy altar of Dithmenos.
  2872 | D:4      | Reached skill level 6 in Axes
  3151 | D:5      | Entered Level 5 of the Dungeon
  3167 | D:5      | Reached skill level 5 in Armour
  3418 | D:5      | Gained mutation: Armour fits poorly on your strangely shaped body. [potion of mutation]
  3418 | D:5      | Gained mutation: You possess an exceptional clarity of mind. [potion of mutation]
  3418 | D:5      | Gained mutation: Your spells are a little easier to cast, but a little less powerful. [potion of mutation]
  3419 | D:5      | Lost mutation: You possess an exceptional clarity of mind. [potion of cure mutation]
  3419 | D:5      | Lost mutation: Armour fits poorly on your strangely shaped body. [potion of cure mutation]
  3419 | D:5      | Lost mutation: Your spells are a little easier to cast, but a little less powerful. [potion of cure mutation]
  3659 | D:5      | HP: 2/52 [acid (5)]
  4511 | D:6      | Found a shimmering altar of Xom.
  4513 | D:6      | Found a sacrificial altar of Ru.
  4513 | D:6      | Found an iron altar of Okawaru.
  4515 | D:6      | Found a stormy altar of Qazlal.
  4515 | D:6      | Found a basalt altar of Yredelemnul.
  4515 | D:6      | Found a radiant altar of Vehumet.
  4525 | D:6      | Reached skill level 7 in Axes
  4525 | D:6      | Reached XP level 8. HP: 45/58 MP: 8/8
  4566 | D:6      | Found a staircase to the Ecumenical Temple.
  5329 | Temple   | Entered the Ecumenical Temple
  5362 | Temple   | Became a worshipper of Warmaster Okawaru
  5635 | D:7      | HP: 2/58 [orc priest/divine providence (14)]
  5642 | D:7      | Reached skill level 8 in Axes
  6516 | D:7      | Found Ozeakale's Armour Shop.
  7155 | D:8      | Noticed Maurice
  7211 | D:8      | Noticed Joseph
  7226 | D:8      | Killed Joseph
  7226 | D:8      | Reached * piety under Okawaru
  7226 | D:8      | Reached skill level 9 in Axes
  7226 | D:8      | Gained mutation: You are slightly more attuned to the shadows. [demonic ancestry]
  7226 | D:8      | Reached XP level 9. HP: 41/63 MP: 9/9
  7344 | D:8      | Killed Maurice
  7351 | D:8      | Slain by a warg

Vault maps used:
D:1:      dpeg_arrival_arbitrary_c, minmay_pentomino_q4
D:2:      lemuel_crystal_altar, led_sif_pool
D:3:      gammafunk_temple_overflow_elements
D:4:      lemuel_coloured_pillars_altar, first_bread, hangedman_decor_riveting,
          minmay_fountain_box, uniq_grinder
D:6:      doesnt_xom_only_xom
D:7:      serial_shops, nicolae_shop_behind_doors
D:8:      lemuel_round_altar, erik_lair_orcish_takeover, uniq_maurice,
          uniq_joseph
Temple:   regret_index_temple_generic_petals

Skill      XL: |  1  2  3  4  5  6  7  8  9 |
---------------+----------------------------+-----
Armour         | 3 4 5 6 7 |  7.1
Axes           | 2 3 5 7 9 |  9.3
Fighting       | |  3.0
Shields        | |  2.6
Evocations     | |  0.6

Action                   |  1- 3 |  4- 6 |  7- 9 || total
-------------------------+-------+-------+-------++-------
Melee: War axe           |    87 |   107 |   316 ||   510
       Kick              |     9 |    21 |    85 ||   115
Evoke: Wand              |       |       |    12 ||    12
  Use: Scroll            |     2 |     8 |     7 ||    17
       Potion            |       |     1 |     8 ||     9
 Stab: Distracted        |       |       |     2 ||     2
  Eat: Chunk             |     2 |     3 |    14 ||    19
       Fruit             |       |       |     2 ||     2
Armor: Scale mail        |    35 |    73 |   138 ||   246
Dodge: Dodged            |    66 |    64 |   193 ||   323
